Canucks vs Devils
Created - April 6, 2020 at 19:01
Goals
|
| Canucks |
0 |
3 |
1 |
4 |
| Devils |
0 |
1 |
2 |
3 |
|
Shots
|
| Canucks |
8 |
11 |
8 |
27 |
| Devils |
5 |
14 |
11 |
30 |
|
1st period
No Goal
Penalties :
Marc Savard (Van) for High sticking (Minor) at 0:32, Patrick Eaves (Van) for Interference (Minor) at 3:07, Patrick Eaves (Van) for Hooking (Minor) at 5:39, Drew Fata (Van) for Holding (Minor) at 15:38, Jordan Caron (NJD) for Hooking (Minor) at 17:10
2nd period
1. Canucks , Brandon Sutter 19 (Patrick Eaves 10) at 1:33
2. Canucks , Loui Eriksson 19 (Jamie McBain 53, Robert Nilsson 48) at 1:51
3. Canucks , Brandon Saad 3 (Theo Peckham 10) at 7:20
4. Devils , Anthony Stewart 7 (Travis Hamonic 23, Keith Kinkaid) at 18:46
Penalties :
Jordan Caron (NJD) for Hooking (Minor) at 3:08, Viktor Arvidsson (NJD) for Hooking (Minor) at 12:45, Jeremy Morin (Van) for Interference (Minor) at 19:43
3rd period
5. Canucks , Pierre-Luc Létourneau 1 (Brandon Sutter 21, Theo Peckham 11) at 4:28
6. Devils , Viktor Arvidsson 25 (Travis Hamonic 24, Johnny Gaudreau 44) at 4:44
7. Devils , Steve Montador 2 (Kevin Porter 9) at 19:04
Penalties :
Robert Nilsson (Van) for Interference (Minor) at 12:17, Steve Montador (NJD) for Hooking (Minor) at 14:26
Goalie Stats
Jacob Markstrom (Van), 27 saves from 30 shots - (0.900), W, 26-31-5, 60:00 minutes
Keith Kinkaid (NJD), 23 saves from 27 shots - (0.852), L, 11-13-0, 59:40 minutes
Players Stats for Canucks
Player Name G A P +/- PIM S H SB GA TA FO MP PP MP PK MP
------------------------------------------------------------------------------------
Brandon Saad 1 0 1 1 0 3 4 0 0 1 0/0 8:38 0:00 1:10
Brandon Sutter 1 1 2 0 0 1 1 0 0 0 4/6 12:43 0:00 4:18
Colton Gillies 0 0 0 1 0 0 1 0 1 0 2/4 7:35 0:00 0:17
Drew Fata 0 0 0 -2 2 2 3 2 0 0 0/0 26:21 4:08 5:19
Jack Skille 0 0 0 1 0 2 3 0 0 0 1/1 10:29 0:00 2:53
Jamie McBain 0 1 1 -2 0 3 4 3 1 1 0/0 27:50 4:17 6:11
Jason Zucker 0 0 0 0 0 2 1 0 0 0 0/0 13:54 3:09 0:07
Jeremy Morin 0 0 0 0 2 2 0 0 0 1 0/1 13:47 3:09 0:00
Jonathan Blum 0 0 0 1 0 2 1 0 1 0 0/0 20:47 3:12 5:16
Jordie Benn 0 0 0 2 0 0 0 0 0 0 0/0 12:15 0:00 0:52
Kurtis Foster 0 0 0 1 0 0 1 0 0 0 0/0 20:47 3:12 5:16
Loui Eriksson 1 0 1 0 0 2 1 0 0 0 1/2 21:45 4:18 3:28
Marc Savard 0 0 0 0 2 1 3 0 0 0 5/10 19:29 3:11 5:15
Patrick Eaves 0 1 1 0 4 0 0 0 0 0 0/0 8:50 0:09 0:00
Pierre-Luc Létourneau 1 0 1 0 0 1 2 0 0 0 0/0 9:02 0:20 0:00
Robert Nilsson 0 1 1 0 2 5 2 0 0 0 16/34 23:50 4:00 5:26
Theo Peckham 0 2 2 2 0 0 0 0 0 0 0/0 12:01 0:11 0:00
Tyler Toffoli 0 0 0 0 0 1 1 0 0 0 1/2 17:57 4:09 0:00
Players Stats for Devils
Player Name G A P +/- PIM S H SB GA TA FO MP PP MP PK MP
------------------------------------------------------------------------------------
Anthony Stewart 1 0 1 0 0 1 0 0 0 0 0/0 7:35 0:00 0:00
Brady Skjei 0 0 0 -1 0 3 2 1 1 1 0/0 19:49 6:31 0:21
Brandon Burlon 0 0 0 1 0 0 1 1 0 0 0/0 20:05 4:56 2:58
Brenden Morrow 0 0 0 0 0 0 0 0 0 0 1/1 4:25 0:00 3:37
Carl Gunnarsson 0 0 0 -1 0 1 2 0 0 1 0/0 16:51 0:00 1:05
Johnny Gaudreau 0 1 1 -1 0 4 0 0 0 0 1/1 22:49 6:19 1:42
Jordan Caron 0 0 0 0 4 1 0 0 0 0 0/0 13:23 5:07 0:00
Kellan Lain 0 0 0 0 0 2 1 0 0 0 0/0 15:25 5:08 1:48
Kevin Porter 0 1 1 0 0 0 0 0 0 0 2/6 12:15 0:00 2:52
Marian Hossa 0 0 0 0 0 1 4 0 0 0 0/0 10:25 0:00 0:00
Riley Sheahan 0 0 0 0 0 2 0 0 0 0 5/11 19:59 5:08 3:41
Rostislav Olesz 0 0 0 0 0 3 2 0 1 0 0/0 15:17 0:00 0:00
Steve Montador 1 0 1 1 2 2 1 1 0 0 0/0 20:21 4:56 3:01
Tobias Enstrom 0 0 0 -1 0 1 1 0 0 0 0/0 15:06 0:00 3:23
Travis Hamonic 0 2 2 -1 0 0 4 3 1 0 0/0 27:59 6:31 4:10
Tyler Bozak 0 0 0 0 0 1 1 0 0 0 3/4 7:31 0:00 0:00
Tyler Seguin 0 0 0 -1 0 2 1 0 0 0 18/36 22:19 6:19 1:18
Viktor Arvidsson 1 0 1 -1 2 6 0 0 0 1 0/1 20:26 6:19 0:00
3 Stars
1 - Brandon Saad (Van)
2 - Brandon Sutter (Van)
3 - Theo Peckham (Van)
Power Play
Canucks - 0 on 4 Attempt(s) - 0.00%
Devils - 0 on 6 Attempt(s) - 0.00%
Penalty Kill
Canucks - 6 on 6 Attempt(s) - 100.00%
- Score 0 goal in Penalty Kill
Devils - 4 on 4 Attempt(s) - 100.00%
- Score 0 goal in Penalty Kill
Team Stat
Canucks - Hits : 28 - Faceoff Wins : 30 - Blocked Shots : 5 - Penalty Minutes : 12
Devils - Hits : 20 - Faceoff Wins : 30 - Blocked Shots : 6 - Penalty Minutes : 8
Official
Referees : Unknown
Linesman : Unknown
Game Notes
1:51 of 2nd period - Canucks goal is going for a video replay. After video review, Goal.
Finance
Level 1 -- Attendance: 4483 (74.72%) -- Ticket Income $493,130
Level 2 -- Attendance: 4036 (80.72%) -- Ticket Income $282,520
Level 3 -- Attendance: 1626 (81.30%) -- Ticket Income $74,796
Level 4 -- Attendance: 3038 (75.95%) -- Ticket Income $91,140
Luxury Box -- Attendance: 957 (95.70%) -- Ticket Income $172,260
Game was played at the The prudential Center.
Total Attendance: 14140 (78.56%)
Total Ticket Income: $1,113,846
Other Income: $167,077
Total Income: $1,280,923
Canucks
5 vs 5 Forward
Center Left Wing Right Wing Time % Phy DF OF
1 Robert Nilsson Loui Eriksson Tyler Toffoli 40 1 2 2
2 Marc Savard Jason Zucker Jeremy Morin 30 1 2 2
3 Brandon Sutter Pierre-Luc Létourneau Patrick Eaves 20 1 2 2
4 Colton Gillies Brandon Saad Jack Skille 10 1 2 2
5 vs 5 Defense
Defense Defense Time % Phy DF OF
1 Jamie McBain Drew Fata 40 1 2 2
2 Kurtis Foster Jonathan Blum 30 1 2 2
3 Theo Peckham Jordie Benn 20 1 2 2
4 Jamie McBain Drew Fata 10 1 2 2
PowerPlay Forward
Center Left Wing Right Wing Time % Phy DF OF
1 Robert Nilsson Loui Eriksson Tyler Toffoli 60 1 2 2
2 Marc Savard Jason Zucker Jeremy Morin 40 1 2 2
PowerPlay Defense
Defense Defense Time % Phy DF OF
1 Jamie McBain Drew Fata 60 1 2 2
2 Kurtis Foster Jonathan Blum 40 1 2 2
Penalty Kill 4 Players Forward
Center Wing Time % Phy DF OF
1 Robert Nilsson Marc Savard 60 1 2 2
2 Loui Eriksson Brandon Sutter 40 1 2 2
Penalty Kill 4 Players Defense
Defense Defense Time % Phy DF OF
1 Jamie McBain Drew Fata 60 1 2 2
2 Kurtis Foster Jonathan Blum 40 1 2 2
Penalty Kill - 3 Players Forward
Forward Time % Phy DF OF
1 Robert Nilsson 60 1 2 2
2 Marc Savard 40 1 2 2
Penalty Kill - 3 Players Defense
Defense Defense Time % Phy DF OF
1 Jamie McBain Drew Fata 60 1 2 2
2 Kurtis Foster Jonathan Blum 40 1 2 2
4 vs 4 Forward
Center Wing Time % Phy DF OF
1 Robert Nilsson Marc Savard 60 1 2 2
2 Loui Eriksson Brandon Sutter 40 1 2 2
4 vs 4 Defense
Defense Defense Time % Phy DF OF
1 Jamie McBain Drew Fata 60 1 2 2
2 Kurtis Foster Jonathan Blum 40 1 2 2
Last Minutes Offensive
Center Left Wing Right Wing Defense Defense
Robert Nilsson Loui Eriksson Tyler Toffoli Jamie McBain Drew Fata
Last Minutes Defensive
Center Left Wing Right Wing Defense Defense
Robert Nilsson Loui Eriksson Tyler Toffoli Jamie McBain Drew Fata
Goaltenders
Starting : Jacob Markstrom
Backup : Martin Jones
Extra Forwards
Normal : Pierre-Luc Létourneau, Patrick Eaves, Jack Skille - PP : Pierre-Luc Létourneau, Patrick Eaves - PK : Jack Skille
Extra Defensemen
Normal : Theo Peckham, Jordie Benn, Kurtis Foster - PP : Theo Peckham - PK : Jordie Benn, Kurtis Foster
Penalty Shots
Robert Nilsson, Marc Savard, Loui Eriksson, Brandon Sutter, Tyler Toffoli
Scratches
Andy Rogers (Strained Left Elbow Injury)
Devils
5 vs 5 Forward
Center Left Wing Right Wing Time % Phy DF OF
1 Tyler Seguin Johnny Gaudreau Viktor Arvidsson 40 0 2 3
2 Riley Sheahan Rostislav Olesz Marian Hossa 30 1 2 2
3 Kevin Porter Kellan Lain Jordan Caron 20 1 2 2
4 Tyler Bozak Rostislav Olesz Anthony Stewart 10 1 2 2
5 vs 5 Defense
Defense Defense Time % Phy DF OF
1 Travis Hamonic Carl Gunnarsson 40 1 2 2
2 Brady Skjei Tobias Enstrom 30 1 2 2
3 Steve Montador Brandon Burlon 20 1 2 2
4 Travis Hamonic Tobias Enstrom 10 1 2 2
PowerPlay Forward
Center Left Wing Right Wing Time % Phy DF OF
1 Tyler Seguin Johnny Gaudreau Viktor Arvidsson 60 1 2 2
2 Riley Sheahan Kellan Lain Jordan Caron 40 1 2 2
PowerPlay Defense
Defense Defense Time % Phy DF OF
1 Travis Hamonic Brady Skjei 60 1 2 2
2 Brandon Burlon Steve Montador 40 1 2 2
Penalty Kill 4 Players Forward
Center Wing Time % Phy DF OF
1 Riley Sheahan Brenden Morrow 60 1 2 2
2 Kevin Porter Kellan Lain 40 1 2 2
Penalty Kill 4 Players Defense
Defense Defense Time % Phy DF OF
1 Steve Montador Travis Hamonic 60 1 2 2
2 Tobias Enstrom Brandon Burlon 40 1 2 2
Penalty Kill - 3 Players Forward
Forward Time % Phy DF OF
1 Brenden Morrow 60 1 2 2
2 Kevin Porter 40 1 2 2
Penalty Kill - 3 Players Defense
Defense Defense Time % Phy DF OF
1 Tobias Enstrom Steve Montador 60 1 2 2
2 Carl Gunnarsson Travis Hamonic 40 1 2 2
4 vs 4 Forward
Center Wing Time % Phy DF OF
1 Tyler Seguin Brenden Morrow 60 1 2 2
2 Riley Sheahan Viktor Arvidsson 40 1 2 2
4 vs 4 Defense
Defense Defense Time % Phy DF OF
1 Travis Hamonic Steve Montador 60 1 2 2
2 Tobias Enstrom Brady Skjei 40 1 2 2
Last Minutes Offensive
Center Left Wing Right Wing Defense Defense
Tyler Seguin Johnny Gaudreau Viktor Arvidsson Travis Hamonic Brady Skjei
Last Minutes Defensive
Center Left Wing Right Wing Defense Defense
Riley Sheahan Brenden Morrow Marian Hossa Travis Hamonic Steve Montador
Goaltenders
Starting : Keith Kinkaid
Backup : Antti Niemi
Extra Forwards
Normal : Riley Sheahan, Rostislav Olesz, Kevin Porter - PP : Brenden Morrow, Rostislav Olesz - PK : Kevin Porter
Extra Defensemen
Normal : Brady Skjei, Carl Gunnarsson, Brandon Burlon - PP : Brady Skjei - PK : Carl Gunnarsson, Tobias Enstrom
Penalty Shots
Tyler Seguin, Viktor Arvidsson, Johnny Gaudreau, Riley Sheahan, Marian Hossa
Scratches
Brent Seabrook (Suspend)
% Time on Ice - Canucks
Lines # - Real PCT - Wanted PCT - Time Play
Normal Forward
1 - 33% - 40% - 13:08
2 - 28% - 30% - 11:02
3 - 21% - 20% - 8:14
4 - 18% - 10% - 7:18
Normal Defense
1 - 40% - 40% - 16:00
2 - 31% - 30% - 12:19
3 - 29% - 20% - 11:23
4 - 0% - 10% - 0:00
PP Forward
1 - 58% - 60% - 4:20
2 - 42% - 40% - 3:09
PP Defense
1 - 57% - 60% - 4:17
2 - 43% - 40% - 3:12
PK Forward
1 - 70% - 60% - 7:59
2 - 30% - 40% - 3:28
PK Defense
1 - 54% - 60% - 6:11
2 - 46% - 40% - 5:16
PK3 Forward
1 - 0% - 60%
2 - 0% - 40%
PK3 Defense
1 - 0% - 60%
2 - 0% - 40%
44 Forward
1 - 100% - 60% - 0:27
2 - 0% - 40% - 0:00
44 Defense
1 - 100% - 60% - 0:27
2 - 0% - 40% - 0:00
Last Minute Offensive - 0:00
Last Minute Defensive - 0:55
Total
Forward - 60:00
Defense - 60:00
|
% Time on Ice - Devils
Lines # - Real PCT - Wanted PCT - Time Play
Normal Forward
1 - 34% - 40% - 13:29
2 - 27% - 30% - 10:52
3 - 20% - 20% - 7:50
4 - 19% - 10% - 7:31
Normal Defense
1 - 41% - 40% - 16:27
2 - 32% - 30% - 12:34
3 - 26% - 20% - 10:08
4 - 1% - 10% - 0:33
PP Forward
1 - 55% - 60% - 6:19
2 - 45% - 40% - 5:08
PP Defense
1 - 57% - 60% - 6:31
2 - 43% - 40% - 4:56
PK Forward
1 - 76% - 60% - 5:41
2 - 24% - 40% - 1:48
PK Defense
1 - 60% - 60% - 4:31
2 - 40% - 40% - 2:58
PK3 Forward
1 - 0% - 60%
2 - 0% - 40%
PK3 Defense
1 - 0% - 60%
2 - 0% - 40%
44 Forward
1 - 100% - 60% - 0:27
2 - 0% - 40% - 0:00
44 Defense
1 - 100% - 60% - 0:27
2 - 0% - 40% - 0:00
Last Minute Offensive - 0:55
Last Minute Defensive - 0:00
Total
Forward - 60:00
Defense - 60:00
|
Play-by-Play
1st period
0:01 of 1st period - Tyler Toffoli wins face-off versus Tyler Seguin in neutral zone.
0:04 of 1st period - Travis Hamonic is hit by Jamie McBain and loses puck.
0:29 of 1st period - Slapshot by Rostislav Olesz.
0:29 of 1st period - Stopped by Jacob Markstrom without a rebound.
0:30 of 1st period - Marc Savard wins face-off versus Riley Sheahan in Canucks zone.
0:32 of 1st period - Minor Penalty to Marc Savard for High sticking.
0:33 of 1st period - Tyler Seguin wins face-off versus Robert Nilsson in Canucks zone.
0:33 of 1st period - Snap shot by Johnny Gaudreau.
0:33 of 1st period - Shot Misses the Net.
0:41 of 1st period - Snap shot by Johnny Gaudreau.
0:41 of 1st period - Deflect By Tyler Seguin.
0:41 of 1st period - Shot Misses the Net.
0:41 of 1st period - Puck is out of play.
0:42 of 1st period - Tyler Seguin wins face-off versus Robert Nilsson in Canucks zone.
0:43 of 1st period - Snap shot by Johnny Gaudreau.
0:43 of 1st period - Stopped by Jacob Markstrom with a rebound.
1:01 of 1st period - Wrist shot by Tyler Seguin.
1:01 of 1st period - Shot Misses the Net.
1:03 of 1st period - Slapshot by Travis Hamonic.
1:03 of 1st period - Shot Blocked by Jamie McBain.
1:05 of 1st period - Slapshot by Johnny Gaudreau.
1:05 of 1st period - Deflect By Tyler Seguin.
1:05 of 1st period - Stopped by Jacob Markstrom without a rebound.
1:06 of 1st period - Riley Sheahan wins face-off versus Robert Nilsson in Canucks zone.
1:17 of 1st period - Snap shot by Riley Sheahan.
1:17 of 1st period - Deflect By Jordan Caron.
1:17 of 1st period - Shot Misses the Net.
1:17 of 1st period - Puck is out of play.
1:18 of 1st period - Riley Sheahan wins face-off versus Robert Nilsson in Canucks zone.
1:29 of 1st period - Snap shot by Jonathan Blum.
1:29 of 1st period - Stopped by Keith Kinkaid without a rebound.
1:30 of 1st period - Tyler Seguin wins face-off versus Loui Eriksson in Devils zone.
1:35 of 1st period - Snap shot by Tyler Seguin.
1:35 of 1st period - Shot Misses the Net.
2:32 of 1st period - Penalty to Marc Savard is over, Marc Savard is back on ice.
3:07 of 1st period - Minor Penalty to Patrick Eaves for Interference.
3:08 of 1st period - Robert Nilsson wins face-off versus Tyler Seguin in Canucks zone.
3:39 of 1st period - Jonathan Blum is hit by Travis Hamonic and loses puck.
5:07 of 1st period - Penalty to Patrick Eaves is over, Patrick Eaves is back on ice.
5:39 of 1st period - Minor Penalty to Patrick Eaves for Hooking.
5:40 of 1st period - Robert Nilsson wins face-off versus Tyler Seguin in Canucks zone.
5:45 of 1st period - Robert Nilsson is hit by Brady Skjei and loses puck.
6:06 of 1st period - Snap shot by Riley Sheahan.
6:06 of 1st period - Stopped by Jacob Markstrom with a rebound.
7:32 of 1st period - Steve Montador is hit by Brandon Saad and loses puck.
7:39 of 1st period - Penalty to Patrick Eaves is over, Patrick Eaves is back on ice.
8:02 of 1st period - Jordie Benn is hit by Brady Skjei and loses puck.
8:37 of 1st period - Slapshot by Jason Zucker.
8:37 of 1st period - Stopped by Keith Kinkaid with a rebound.
8:57 of 1st period - Snap shot by Brandon Sutter.
8:57 of 1st period - Shot Blocked by Steve Montador.
10:18 of 1st period - Riley Sheahan is hit by Brandon Saad and loses puck.
10:31 of 1st period - Snap shot by Marc Savard.
10:31 of 1st period - Shot Hit the Post.
11:21 of 1st period - Snap shot by Brandon Sutter.
11:21 of 1st period - Shot Hit the Post.
11:47 of 1st period - Steve Montador is hit by Colton Gillies and loses puck.
11:52 of 1st period - Slapshot by Jack Skille.
11:52 of 1st period - Shot Misses the Net.
12:04 of 1st period - Brandon Burlon is hit by Marc Savard and loses puck.
12:29 of 1st period - Travis Hamonic is hit by Robert Nilsson and loses puck.
12:56 of 1st period - Slapshot by Brady Skjei.
12:56 of 1st period - Shot Misses the Net.
12:58 of 1st period - Slapshot by Jordan Caron.
12:58 of 1st period - Shot Misses the Net.
13:10 of 1st period - Snap shot by Pierre-Luc Létourneau.
13:10 of 1st period - Shot Misses the Net.
13:57 of 1st period - Marian Hossa is hit by Robert Nilsson and loses puck.
14:09 of 1st period - Loui Eriksson is hit by Travis Hamonic and loses puck.
14:26 of 1st period - Snap shot by Robert Nilsson.
14:26 of 1st period - Stopped by Keith Kinkaid without a rebound.
14:27 of 1st period - Marc Savard wins face-off versus Kevin Porter in Devils zone.
14:38 of 1st period - Snap shot by Jason Zucker.
14:38 of 1st period - Stopped by Keith Kinkaid without a rebound.
14:39 of 1st period - Robert Nilsson wins face-off versus Tyler Seguin in Devils zone.
14:52 of 1st period - Snap shot by Jamie McBain.
14:52 of 1st period - Shot Blocked by Travis Hamonic.
15:14 of 1st period - Slapshot by Jeremy Morin.
15:14 of 1st period - Stopped by Keith Kinkaid with a rebound.
15:16 of 1st period - Wrist shot by Jeremy Morin.
15:16 of 1st period - Stopped by Keith Kinkaid without a rebound.
15:17 of 1st period - Robert Nilsson wins face-off versus Tyler Seguin in Devils zone.
15:25 of 1st period - Off-side.
15:26 of 1st period - Tyler Seguin wins face-off versus Tyler Toffoli in neutral zone.
15:38 of 1st period - Minor Penalty to Drew Fata for Holding.
15:39 of 1st period - Robert Nilsson wins face-off versus Tyler Seguin in Canucks zone.
16:15 of 1st period - Snap shot by Kellan Lain.
16:15 of 1st period - Shot Blocked by Jamie McBain.
16:17 of 1st period - Wrist shot by Kellan Lain.
16:17 of 1st period - Stopped by Jacob Markstrom without a rebound.
16:18 of 1st period - Tyler Seguin wins face-off versus Robert Nilsson in Canucks zone.
17:10 of 1st period - Minor Penalty to Jordan Caron for Hooking.
17:11 of 1st period - Robert Nilsson wins face-off versus Tyler Seguin in Devils zone.
17:14 of 1st period - Slapshot by Robert Nilsson.
17:14 of 1st period - Shot Misses the Net.
17:22 of 1st period - Robert Nilsson is hit by Travis Hamonic and loses puck.
17:38 of 1st period - Penalty to Drew Fata is over, Drew Fata is back on ice.
18:34 of 1st period - Icing by Jamie McBain.
18:35 of 1st period - Brenden Morrow wins face-off versus Jeremy Morin in Canucks zone.
19:10 of 1st period - Penalty to Jordan Caron is over, Jordan Caron is back on ice.
19:21 of 1st period - Slapshot by Jack Skille.
19:21 of 1st period - Stopped by Keith Kinkaid without a rebound.
19:22 of 1st period - Colton Gillies wins face-off versus Tyler Seguin in Devils zone.
19:35 of 1st period - Slapshot by Jonathan Blum.
19:35 of 1st period - Stopped by Keith Kinkaid with a rebound.
19:37 of 1st period - Snap shot by Brandon Saad.
19:37 of 1st period - Shot Blocked by Brady Skjei.
Goals for this period are 0 for Canucks vs 0 for Devils.
Shots for this period are 8 for Canucks vs 5 for Devils.
2nd period
0:01 of 2nd period - Tyler Seguin wins face-off versus Robert Nilsson in neutral zone.
0:03 of 2nd period - Off-side.
0:04 of 2nd period - Tyler Seguin wins face-off versus Robert Nilsson in neutral zone.
0:10 of 2nd period - Wrist shot by Viktor Arvidsson.
0:10 of 2nd period - Shot Blocked by Drew Fata.
0:12 of 2nd period - Wrist shot by Carl Gunnarsson.
0:12 of 2nd period - Shot Blocked by Jamie McBain.
0:14 of 2nd period - Snap shot by Tyler Seguin.
0:14 of 2nd period - Stopped by Jacob Markstrom with a rebound.
0:33 of 2nd period - Icing by Jeremy Morin.
0:34 of 2nd period - Riley Sheahan wins face-off versus Marc Savard in Canucks zone.
0:37 of 2nd period - Snap shot by Riley Sheahan.
0:37 of 2nd period - Stopped by Jacob Markstrom without a rebound.
0:38 of 2nd period - Tyler Seguin wins face-off versus Robert Nilsson in Canucks zone.
0:39 of 2nd period - Snap shot by Viktor Arvidsson.
0:39 of 2nd period - Shot Misses the Net.
0:41 of 2nd period - Slapshot by Brandon Burlon.
0:41 of 2nd period - Shot Misses the Net.
1:25 of 2nd period - Slapshot by Drew Fata.
1:25 of 2nd period - Shot Misses the Net.
1:27 of 2nd period - Slapshot by Drew Fata.
1:27 of 2nd period - Shot Misses the Net.
1:29 of 2nd period - Slapshot by Drew Fata.
1:29 of 2nd period - Stopped by Keith Kinkaid without a rebound.
1:30 of 2nd period - Brandon Sutter wins face-off versus Tyler Seguin in Devils zone.
1:33 of 2nd period - Snap shot by Brandon Sutter.
1:33 of 2nd period - Goal by Brandon Sutter - Canucks : 1 - Devils : 0.
1:34 of 2nd period - Robert Nilsson wins face-off versus Tyler Seguin in neutral zone.
1:45 of 2nd period - Backhand shot by Robert Nilsson.
1:45 of 2nd period - Shot Blocked by Travis Hamonic.
1:47 of 2nd period - Wrist shot by Robert Nilsson.
1:47 of 2nd period - Stopped by Keith Kinkaid with a rebound.
1:49 of 2nd period - Slapshot by Jamie McBain.
1:49 of 2nd period - Stopped by Keith Kinkaid with a rebound.
1:51 of 2nd period - Wrist shot by Loui Eriksson.
1:51 of 2nd period - Canucks goal is going for a video replay.
1:51 of 2nd period - The goal is good.
1:51 of 2nd period - Goal by Loui Eriksson - Canucks : 2 - Devils : 0.
1:52 of 2nd period - Robert Nilsson wins face-off versus Tyler Seguin in neutral zone.
2:04 of 2nd period - Snap shot by Carl Gunnarsson.
2:04 of 2nd period - Stopped by Jacob Markstrom without a rebound.
2:05 of 2nd period - Tyler Seguin wins face-off versus Robert Nilsson in Canucks zone.
2:08 of 2nd period - Slapshot by Johnny Gaudreau.
2:08 of 2nd period - Stopped by Jacob Markstrom with a rebound.
3:08 of 2nd period - Minor Penalty to Jordan Caron for Hooking.
3:09 of 2nd period - Riley Sheahan wins face-off versus Robert Nilsson in Devils zone.
5:08 of 2nd period - Penalty to Jordan Caron is over, Jordan Caron is back on ice.
5:16 of 2nd period - Off-side.
5:17 of 2nd period - Tyler Bozak wins face-off versus Brandon Sutter in neutral zone.
5:44 of 2nd period - Carl Gunnarsson is hit by Brandon Saad and loses puck.
5:53 of 2nd period - Icing by Jack Skille.
5:54 of 2nd period - Colton Gillies wins face-off versus Riley Sheahan in Canucks zone.
6:01 of 2nd period - Brandon Burlon is hit by Jack Skille and loses puck.
7:04 of 2nd period - Marian Hossa is hit by Brandon Saad.
7:08 of 2nd period - Jordie Benn is hit by Steve Montador and loses puck.
7:12 of 2nd period - Icing by Jordie Benn.
7:13 of 2nd period - Tyler Seguin wins face-off versus Colton Gillies in Canucks zone.
7:14 of 2nd period - Wrist shot by Johnny Gaudreau.
7:14 of 2nd period - Shot Misses the Net.
7:20 of 2nd period - Slapshot by Brandon Saad.
7:20 of 2nd period - Goal by Brandon Saad - Canucks : 3 - Devils : 0.
7:21 of 2nd period - Robert Nilsson wins face-off versus Tyler Seguin in neutral zone.
7:48 of 2nd period - Kellan Lain is hit by Marc Savard and loses puck.
7:57 of 2nd period - Slapshot by Drew Fata.
7:57 of 2nd period - Shot Misses the Net.
8:09 of 2nd period - Pierre-Luc Létourneau is hit by Rostislav Olesz and loses puck.
10:54 of 2nd period - Wrist shot by Brandon Saad.
10:54 of 2nd period - Stopped by Keith Kinkaid with a rebound.
11:04 of 2nd period - Snap shot by Brandon Saad.
11:04 of 2nd period - Deflect By Tyler Seguin.
11:04 of 2nd period - Stopped by Keith Kinkaid with a rebound.
11:15 of 2nd period - Off-side.
11:16 of 2nd period - Brandon Sutter wins face-off versus Kevin Porter in neutral zone.
11:18 of 2nd period - Jamie McBain is hit by Carl Gunnarsson and loses puck.
11:43 of 2nd period - Travis Hamonic is hit by Jamie McBain and loses puck.
11:50 of 2nd period - Jamie McBain is hit by Rostislav Olesz and loses puck.
12:01 of 2nd period - Slapshot by Drew Fata.
12:01 of 2nd period - Stopped by Keith Kinkaid without a rebound.
12:02 of 2nd period - Tyler Seguin wins face-off versus Marc Savard in Devils zone.
12:02 of 2nd period - Tyler Seguin is hit by Kurtis Foster.
12:36 of 2nd period - Backhand shot by Riley Sheahan.
12:36 of 2nd period - Deflect By Rostislav Olesz.
12:36 of 2nd period - Stopped by Jacob Markstrom without a rebound.
12:37 of 2nd period - Tyler Seguin wins face-off versus Robert Nilsson in Canucks zone.
12:44 of 2nd period - Wrist shot by Viktor Arvidsson.
12:44 of 2nd period - Stopped by Jacob Markstrom without a rebound.
12:45 of 2nd period - Tyler Seguin wins face-off versus Robert Nilsson in Canucks zone.
12:45 of 2nd period - Minor Penalty to Viktor Arvidsson for Hooking.
12:46 of 2nd period - Robert Nilsson wins face-off versus Riley Sheahan in Devils zone.
14:34 of 2nd period - Drew Fata is hit by Brandon Burlon and loses puck.
14:45 of 2nd period - Penalty to Viktor Arvidsson is over, Viktor Arvidsson is back on ice.
14:49 of 2nd period - Icing by Loui Eriksson.
14:50 of 2nd period - Robert Nilsson wins face-off versus Tyler Seguin in Canucks zone.
15:41 of 2nd period - Snap shot by Kellan Lain.
15:41 of 2nd period - Stopped by Jacob Markstrom with a rebound.
15:47 of 2nd period - Slapshot by Jordie Benn.
15:47 of 2nd period - Shot Blocked by Brandon Burlon.
15:53 of 2nd period - Snap shot by Loui Eriksson.
15:53 of 2nd period - Stopped by Keith Kinkaid without a rebound.
15:54 of 2nd period - Tyler Seguin wins face-off versus Marc Savard in Devils zone.
15:54 of 2nd period - Tyler Seguin is hit by Marc Savard.
16:08 of 2nd period - Snap shot by Viktor Arvidsson.
16:08 of 2nd period - Stopped by Jacob Markstrom with a rebound.
16:10 of 2nd period - Slapshot by Tobias Enstrom.
16:10 of 2nd period - Stopped by Jacob Markstrom with a rebound.
16:20 of 2nd period - Brady Skjei is hit by Brandon Sutter and loses puck.
16:29 of 2nd period - Brandon Sutter is hit by Marian Hossa and loses puck.
18:10 of 2nd period - Brandon Saad is hit by Marian Hossa and loses puck.
18:22 of 2nd period - Brady Skjei is hit by Jamie McBain.
18:24 of 2nd period - Wrist shot by Anthony Stewart.
18:24 of 2nd period - Shot Misses the Net.
18:26 of 2nd period - Slapshot by Tobias Enstrom.
18:26 of 2nd period - Shot Blocked by Drew Fata.
18:28 of 2nd period - Backhand shot by Brady Skjei.
18:28 of 2nd period - Stopped by Jacob Markstrom without a rebound.
18:29 of 2nd period - Tyler Bozak wins face-off versus Marc Savard in Canucks zone.
18:46 of 2nd period - Snap shot by Anthony Stewart.
18:46 of 2nd period - Goal by Anthony Stewart - Canucks : 3 - Devils : 1.
18:47 of 2nd period - Robert Nilsson wins face-off versus Tyler Seguin in neutral zone.
18:58 of 2nd period - Wrist shot by Loui Eriksson.
18:58 of 2nd period - Shot Misses the Net.
19:00 of 2nd period - Slapshot by Robert Nilsson.
19:00 of 2nd period - Stopped by Keith Kinkaid with a rebound.
19:24 of 2nd period - Backhand shot by Rostislav Olesz.
19:24 of 2nd period - Stopped by Jacob Markstrom with a rebound.
19:30 of 2nd period - Marc Savard is hit by Marian Hossa and loses puck.
19:41 of 2nd period - Snap shot by Marian Hossa.
19:41 of 2nd period - Stopped by Jacob Markstrom with a rebound.
19:43 of 2nd period - Minor Penalty to Jeremy Morin for Interference.
19:44 of 2nd period - Tyler Seguin wins face-off versus Robert Nilsson in Canucks zone.
19:49 of 2nd period - Wrist shot by Johnny Gaudreau.
19:49 of 2nd period - Stopped by Jacob Markstrom with a rebound.
19:51 of 2nd period - Wrist shot by Brandon Burlon.
19:51 of 2nd period - Shot Misses the Net.
Goals for this period are 3 for Canucks vs 1 for Devils.
Shots for this period are 11 for Canucks vs 14 for Devils.
3rd period
0:01 of 3rd period - Tyler Seguin wins face-off versus Robert Nilsson in neutral zone.
0:16 of 3rd period - Snap shot by Viktor Arvidsson.
0:16 of 3rd period - Stopped by Jacob Markstrom with a rebound.
1:43 of 3rd period - Penalty to Jeremy Morin is over, Jeremy Morin is back on ice.
1:55 of 3rd period - Pierre-Luc Létourneau is hit by Tyler Bozak and loses puck.
2:08 of 3rd period - Marian Hossa is hit by Jack Skille and loses puck.
2:34 of 3rd period - Jordan Caron is hit by Tyler Toffoli and loses puck.
2:58 of 3rd period - Anthony Stewart is hit by Pierre-Luc Létourneau and loses puck.
3:11 of 3rd period - Riley Sheahan is hit by Jamie McBain and loses puck.
3:16 of 3rd period - Slapshot by Jamie McBain.
3:16 of 3rd period - Stopped by Keith Kinkaid without a rebound.
3:17 of 3rd period - Riley Sheahan wins face-off versus Colton Gillies in Devils zone.
3:22 of 3rd period - Slapshot by Brady Skjei.
3:22 of 3rd period - Stopped by Jacob Markstrom with a rebound.
3:38 of 3rd period - Loui Eriksson is hit by Carl Gunnarsson and loses puck.
4:20 of 3rd period - Off-side.
4:21 of 3rd period - Brandon Sutter wins face-off versus Kevin Porter in neutral zone.
4:26 of 3rd period - Wrist shot by Brandon Sutter.
4:26 of 3rd period - Shot Misses the Net.
4:28 of 3rd period - Wrist shot by Pierre-Luc Létourneau.
4:28 of 3rd period - Goal by Pierre-Luc Létourneau - Canucks : 4 - Devils : 1.
4:29 of 3rd period - Tyler Seguin wins face-off versus Robert Nilsson in neutral zone.
4:42 of 3rd period - Wrist shot by Viktor Arvidsson.
4:42 of 3rd period - Deflect By Jamie McBain.
4:42 of 3rd period - Stopped by Jacob Markstrom with a rebound.
4:44 of 3rd period - Snap shot by Travis Hamonic.
4:44 of 3rd period - Deflect By Viktor Arvidsson.
4:44 of 3rd period - Goal by Viktor Arvidsson - Canucks : 4 - Devils : 2.
4:45 of 3rd period - Robert Nilsson wins face-off versus Tyler Seguin in neutral zone.
5:18 of 3rd period - Wrist shot by Jeremy Morin.
5:18 of 3rd period - Deflect By Marc Savard.
5:18 of 3rd period - Shot Misses the Net.
5:18 of 3rd period - Puck is out of play.
5:19 of 3rd period - Marc Savard wins face-off versus Riley Sheahan in Devils zone.
5:30 of 3rd period - Wrist shot by Marc Savard.
5:30 of 3rd period - Stopped by Keith Kinkaid with a rebound.
5:32 of 3rd period - Slapshot by Jonathan Blum.
5:32 of 3rd period - Deflect By Jeremy Morin.
5:32 of 3rd period - Shot Misses the Net.
5:32 of 3rd period - Puck is out of play.
5:33 of 3rd period - Tyler Seguin wins face-off versus Robert Nilsson in Devils zone.
5:33 of 3rd period - Tyler Seguin is hit by Drew Fata.
5:41 of 3rd period - Wrist shot by Johnny Gaudreau.
5:41 of 3rd period - Shot Misses the Net.
5:43 of 3rd period - Snap shot by Johnny Gaudreau.
5:43 of 3rd period - Shot Misses the Net.
5:45 of 3rd period - Slapshot by Travis Hamonic.
5:45 of 3rd period - Deflect By Tyler Seguin.
5:45 of 3rd period - Shot Misses the Net.
5:45 of 3rd period - Puck is out of play.
5:46 of 3rd period - Robert Nilsson wins face-off versus Tyler Seguin in Canucks zone.
5:46 of 3rd period - Robert Nilsson is hit by Travis Hamonic.
5:56 of 3rd period - Snap shot by Tyler Toffoli.
5:56 of 3rd period - Stopped by Keith Kinkaid with a rebound.
5:58 of 3rd period - Wrist shot by Robert Nilsson.
5:58 of 3rd period - Stopped by Keith Kinkaid without a rebound.
5:59 of 3rd period - Robert Nilsson wins face-off versus Tyler Seguin in Devils zone.
6:02 of 3rd period - Wrist shot by Robert Nilsson.
6:02 of 3rd period - Stopped by Keith Kinkaid with a rebound.
6:08 of 3rd period - Slapshot by Brady Skjei.
6:08 of 3rd period - Stopped by Jacob Markstrom with a rebound.
6:10 of 3rd period - Snap shot by Tobias Enstrom.
6:10 of 3rd period - Shot Misses the Net.
6:12 of 3rd period - Slapshot by Brady Skjei.
6:12 of 3rd period - Shot Misses the Net.
6:14 of 3rd period - Wrist shot by Viktor Arvidsson.
6:14 of 3rd period - Shot Misses the Net.
6:16 of 3rd period - Slapshot by Viktor Arvidsson.
6:16 of 3rd period - Stopped by Jacob Markstrom without a rebound.
6:17 of 3rd period - Marc Savard wins face-off versus Riley Sheahan in Canucks zone.
6:17 of 3rd period - Marc Savard is hit by Marian Hossa.
6:43 of 3rd period - Robert Nilsson is hit by Tyler Seguin and loses puck.
7:12 of 3rd period - Kurtis Foster is hit by Kellan Lain and loses puck.
7:46 of 3rd period - Snap shot by Viktor Arvidsson.
7:46 of 3rd period - Shot Misses the Net.
7:48 of 3rd period - Slapshot by Steve Montador.
7:48 of 3rd period - Stopped by Jacob Markstrom with a rebound.
7:50 of 3rd period - Slapshot by Viktor Arvidsson.
7:50 of 3rd period - Shot Misses the Net.
7:52 of 3rd period - Wrist shot by Johnny Gaudreau.
7:52 of 3rd period - Stopped by Jacob Markstrom with a rebound.
8:06 of 3rd period - Slapshot by Jack Skille.
8:06 of 3rd period - Shot Misses the Net.
8:08 of 3rd period - Wrist shot by Jack Skille.
8:08 of 3rd period - Stopped by Keith Kinkaid with a rebound.
8:46 of 3rd period - Steve Montador is hit by Pierre-Luc Létourneau.
9:23 of 3rd period - Off-side.
9:24 of 3rd period - Marc Savard wins face-off versus Tyler Bozak in neutral zone.
10:55 of 3rd period - Jordan Caron is hit by Jack Skille and loses puck.
11:48 of 3rd period - Snap shot by Tyler Bozak.
11:48 of 3rd period - Stopped by Jacob Markstrom without a rebound.
11:49 of 3rd period - Tyler Bozak wins face-off versus Marc Savard in Canucks zone.
12:17 of 3rd period - Minor Penalty to Robert Nilsson for Interference.
12:18 of 3rd period - Jack Skille wins face-off versus Tyler Seguin in Canucks zone.
13:50 of 3rd period - Riley Sheahan is hit by Drew Fata and loses puck.
14:17 of 3rd period - Penalty to Robert Nilsson is over, Robert Nilsson is back on ice.
14:26 of 3rd period - Minor Penalty to Steve Montador for Hooking.
14:27 of 3rd period - Robert Nilsson wins face-off versus Riley Sheahan in Devils zone.
14:29 of 3rd period - Wrist shot by Robert Nilsson.
14:29 of 3rd period - Shot Misses the Net.
15:02 of 3rd period - Brenden Morrow is hit by Jason Zucker and loses puck.
15:19 of 3rd period - Backhand shot by Kellan Lain.
15:19 of 3rd period - Shot Misses the Net.
15:37 of 3rd period - Tyler Seguin is hit by Jonathan Blum and loses puck.
15:56 of 3rd period - Jeremy Morin is hit by Tobias Enstrom and loses puck.
16:26 of 3rd period - Penalty to Steve Montador is over, Steve Montador is back on ice.
16:47 of 3rd period - Wrist shot by Tyler Bozak.
16:47 of 3rd period - Shot Misses the Net.
17:41 of 3rd period - Travis Hamonic is hit by Loui Eriksson.
18:03 of 3rd period - Johnny Gaudreau is hit by Drew Fata.
18:38 of 3rd period - Icing by Theo Peckham.
18:39 of 3rd period - Kevin Porter wins face-off versus Robert Nilsson in Canucks zone.
18:47 of 3rd period - Backhand shot by Kellan Lain.
18:47 of 3rd period - Shot Misses the Net.
18:49 of 3rd period - Wrist shot by Jordan Caron.
18:49 of 3rd period - Stopped by Jacob Markstrom without a rebound.
18:50 of 3rd period - Brandon Sutter wins face-off versus Kevin Porter in Canucks zone.
18:58 of 3rd period - Slapshot by Jamie McBain.
18:58 of 3rd period - Stopped by Keith Kinkaid without a rebound.
18:59 of 3rd period - Kevin Porter wins face-off versus Brandon Sutter in Devils zone.
19:04 of 3rd period - Slapshot by Steve Montador.
19:04 of 3rd period - Goal by Steve Montador - Canucks : 4 - Devils : 3.
19:05 of 3rd period - Loui Eriksson wins face-off versus Viktor Arvidsson in neutral zone.
19:16 of 3rd period - Snap shot by Tyler Toffoli.
19:16 of 3rd period - Shot Blocked by Travis Hamonic.
19:18 of 3rd period - Slapshot by Jamie McBain.
19:18 of 3rd period - Shot Misses the Net.
19:20 of 3rd period - Snap shot by Jamie McBain.
19:20 of 3rd period - Deflect By Tyler Toffoli.
19:20 of 3rd period - Shot Misses the Net.
19:20 of 3rd period - Puck is out of play.
19:21 of 3rd period - Jacques Lemaire call a timeout for Devils.
19:21 of 3rd period - Johnny Gaudreau wins face-off versus Robert Nilsson in Devils zone.
19:40 of 3rd period - Devils, Keith Kinkaid is pulled from the net.
19:58 of 3rd period - Wrist shot by Robert Nilsson.
19:58 of 3rd period - Shot Misses the Net.
Goals for this period are 1 for Canucks vs 2 for Devils.
Shots for this period are 8 for Canucks vs 11 for Devils.
Back to the Top